AoeStats
← Jeff

Arabia

503342074Analyzed
1v1 RM · 1mo ago on Aug 31, 2026· 55m 34s· 2 players
Game mode
Random Map
Map size
Tiny (2 player)
Population
200
Speed
Normal
Resources
Standard
Victory
Conquest
Starting age
Dark Age
Ending age
Imperial Age
RankedLock teamsTeams togetherTeam positionsShared explorationLock speedFull tech treeHidden civsTurbo modeCheats
Victory
Defeat
🇨🇳 Chinese · China
1145
+17
🇹🇼 Wu · Taiwan
1165
-17
永不磨損型
0:27 Loom
12:55 Feudal Age
14:15 Wheelbarrow
14:25 Double-Bit Axe
14:25 Horse Collar
14:48 Gold Mining
24:58 Castle Age
23:03 Scale Mail Armor
23:09 Arson
22:46 Man-at-Arms
24:25 Forging
25:00 Long Swordsman
25:42 Squires
25:02 Pikeman
26:38 Iron Casting
26:21 Chain Mail Armor
27:41 Masonry
28:55 Fortified Wall
47:17 Hand Cart
47:28 Town Watch
50:49 Gold Shaft Mining
52:02 Bow Saw
51:56 Heavy Plow
57:54 Imperial Age
55:25 Town Patrol
Jeff
6:32 Loom
9:15 Feudal Age
9:24 Man-at-Arms
11:32 Double-Bit Axe
19:55 Castle Age
17:55 Horse Collar
19:10 Forging
19:45 Scale Barding Armor
20:57 Bow Saw
24:19 Wheelbarrow
26:33 Heavy Plow
28:18 Hand Cart
28:56 Fletching
29:54 Bodkin Arrow
31:25 Long Swordsman
33:36 Bloodlines
33:26 Husbandry
33:54 Chain Barding Armor
36:12 Padded Archer Armor
41:33 Imperial Age
40:59 Ballistics
42:32 Leather Archer Armor
Connection lost

Rejoining the realm…

Still unreachable

The connection could not be restored.

Session expired

The server has moved on; the page needs a fresh start.